 Dungeon Crawl Stone Soup version 0.15.2 (webtiles) character file.

2544 amiheereinvaaain the Martial Artist (level 9, -10/69 HPs)
             Began as a Mummy Monk on Oct 26, 2015.
             Killed from afar by an orc warrior (18 damage)
             ... with a wand of lightning
             ... on Level 8 of the Dungeon on Oct 27, 2015.
             The game lasted 01:48:30 (17646 turns).

amiheereinvaaain the Martial Artist (Mummy Monk)   Turns: 17646, Time: 01:48:30

HP -10/69        AC  8     Str 14      XL: 9   Next: 30%
MP   9/9         EV  9     Int  9      God:
Gold 531         SH 13     Dex 17      Spells:  0 memorised,  8 levels left

rFire  x . .     SeeInvis .       - Unarmed
rCold  + . .     Clarity  .     (no armour)
rNeg   + + +     rCorr    .     a - +0 large shield (curse) {massive, thick, heavy and far too rough}
rPois  +         rRot     +     (no helmet)
rElec  .         Spirit   .     e - +1 cloak (curse)
SustAb .         Warding  .     (no gloves)
rMut   .         Stasis   .     v - +2 pair of boots
Gourm  .                        (no amulet)
MR     +....                    (no ring)
                                i - cursed +3 ring of protection {IT WAS ALMOST TOO BIG TO BE A RINK}

@: somewhat resistant to hostile enchantments, fairly stealthy
A: no food or potions, fire vulnerability, restore body, cold resistance 1,
negative energy resistance 3, poison resistance, torment resistance, unbreathing
a: no special abilities


You were on level 8 of the Dungeon.
You were not hungry.

You visited 1 branch of the dungeon, and saw 8 of its levels.
You also visited: Ossuary.

You collected 531 gold pieces.


Innate Abilities, Weirdness & Mutations

You do not eat or drink.
Your flesh is vulnerable to fire.
Your flesh is cold resistant.
You are immune to negative energy.
Your system is resistant to poisons.
You are immune to unholy pain and torment.
You can survive without breathing.


   Skills:
 - Level 6.1 Fighting
 - Level 2.6 Dodging
 - Level 3.6 Stealth
 - Level 3.0 Shields
 + Level 9.1 Unarmed Combat


You had 8 spell levels left.
You didn't know any spells.

Inventory:

Missiles
 c - 2 throwing nets {=f!d}
Armour
 a - a cursed +0 large shield (worn) {massive, thick, heavy and far too rough}
 e - a cursed +1 cloak (worn)
 v - a +2 pair of boots (worn)
Comestibles
 b - 9 fruits
 f - 9 bread rations
 h - 2 royal jellies
 m - 3 meat rations
 n - 2 slices of pizza (quivered)
 t - a beef jerky
Scrolls
 g - a scroll of immolation {!r}
 j - a scroll of noise {!r}
 k - a scroll of vulnerability
 l - a scroll of teleportation
 o - 2 scrolls of remove curse
 p - a scroll of enchant weapon
 q - 2 scrolls of amnesia
 r - 3 scrolls of identify
 s - a scroll of fog
Jewellery
 d - a cursed amulet of stasis {unknown}
 i - a cursed +3 ring of protection (left hand) {IT WAS ALMOST TOO BIG TO BE A RINK}
 u - an uncursed amulet of rage {unknown}
 w - an uncursed amulet of rage {unknown}

Dungeon Overview and Level Annotations

Branches:
Dungeon (8/15)             Temple (0/1) D:6
   Lair: D:8-11

Altars:
Dithmenos
Makhleb
Okawaru
Trog
Xom
Zin

Annotations:
D:1 exclusion: kobold
D:3 FOUR OGRES HERE I THINK
D:4 OGREWATCH alsowizard, exclusion: 2 upstairs
D:6 WYVERN
D:7 exclusion: downstairs
D:8 free hat, Gastronok

######.#.##.#######.###
##..##..o........#
#..##########.#.# #..#
#..ยง.#.# #..# #.####.#
#..# ##.####.#
#######..# #.......#
.D.......# ##..######
.......#.# ##..@##
######.#.# ##.....##
#####D#.###.......##
#.......##.....o...#
#.#.#.####.........#
##.#.#.# #.........#
%..#.... ##.......##
#######.# ##.....##
...#.. .# #....##


You could see an orc warrior.


Message History

Prince Ribbit is almost dead.
You block Prince Ribbit's attack.
You miss Prince Ribbit.
Prince Ribbit is almost dead.
Prince Ribbit casts a spell.
Prince Ribbit looks slightly unstable.
Prince Ribbit hits you!
You hit Prince Ribbit.
You kill Prince Ribbit!
Your Unarmed Combat skill increases to level 9!
You start resting.
The orc warrior shouts!
The orc warrior zaps a wand.
The bolt of lightning hits you! The bolt of lightning hits you!
The orc warrior zaps a wand.
The bolt of lightning misses you. The bolt of lightning hits you!
* * * LOW HITPOINT WARNING * * *
Read which item? (? for menu, Esc to quit)
Okay, then.
Read which item? (? for menu, Esc to quit)
Okay, then.
Wield which item (- for none, * to show all)? (? for menu, Esc to quit)
Okay, then.
Here: an orc warrior, wielding a trident, wearing a chain mail and carrying a wand of lightning {zapped: 2} The floor.
You can't see that place. [the floor.]
Enter note: i trust my superior heritage You block the orc warrior's attack.
The orc warrior zaps a wand.
The bolt of lightning hits you!
You die...

Action                   |  1- 3 |  4- 6 |  7- 9 || total
-------------------------+-------+-------+-------++-------
Melee: Unarmed           |   221 |   379 |   742 ||  1342
  Use: Scroll            |       |     7 |    14 ||    21
 Stab: Sleeping          |     2 |     6 |     5 ||    13
       Distracted        |     1 |       |     1 ||     2

Vault maps used:
D:1:      dpeg_arrival_lava_altar
D:2:      nicolae_dithmenos_shadow_blocks
D:3:      old_standard_altar, first_bread
D:6:      minmay_temple_entry_hall, nicolae_ossuary_entry_monument,
          trog_three_pillars_becter
D:7:      gammafunk_temple_overflow_forgotten
D:8:      nicolae_overflow_hidden_temple, serial_shops,
          nicolae_shop_statue_plus, uniq_prince_ribbit1, uniq_gastronok
Ossuary:  ossuary_tomb_3

Notes
Turn   | Place    | Note
--------------------------------------------------------------
     0 | D:1      | amiheereinvaaain, the Mummy Monk, began the quest for the Orb.
     0 | D:1      | Reached XP level 1. HP: 18/18 MP: 1/1
   497 | D:1      | Reached XP level 2. HP: 24/24 MP: 2/2
  1674 | D:1      | Reached XP level 3. HP: 18/29 MP: 3/3
  1675 | D:1      | THE SCOURGE RISES
  2131 | D:1      | Reached skill level 4 in Unarmed Combat
  2168 | D:1      | SQUASHED
  3270 | D:2      | Reached XP level 4. HP: 35/35 MP: 4/4
  3593 | D:2      | Found a shadowy altar of Dithmenos.
  5031 | D:3      | Found a burning altar of Makhleb.
  5383 | D:4      | Reached skill level 5 in Unarmed Combat
  5383 | D:4      | Reached XP level 5. HP: 25/41 MP: 5/5
  6435 | D:4      | Noticed a phantom
  7182 | D:3      | Killed a phantom
  7182 | D:3      | Reached skill level 6 in Unarmed Combat
  7182 | D:3      | Reached XP level 6. HP: 17/47 MP: 6/6
  7183 | D:3      | DENIED
  7746 | D:4      | Reached skill level 4 in Fighting
  8945 | D:4      | Reached skill level 5 in Fighting
  8945 | D:4      | Reached XP level 7. HP: 38/56 MP: 7/7
  9507 | D:5      | Entered Level 5 of the Dungeon
  9712 | D:5      | Reached skill level 6 in Fighting
 10263 | D:5      | Reached skill level 1 in Shields
 10407 | D:4      | the most horrible idea
 11207 | D:5      | nikheizen: why didnt you take the stairs?
 11208 | D:5      | FistofTheNorthNile: is that a large shield of protection?
 11208 | D:5      | amiheereinvaaain: it isn't
 11208 | D:5      | amiheereinvaaain: it is a legitimate shield
 11208 | D:5      | FistofTheNorthNile: >ring of invisibility no thanks
 11208 | D:5      | FistofTheNorthNile: oh you
 11211 | D:5      | FistofTheNorthNile: Come on, my best was lair 2 let's see what you can do my good man
 11754 | D:5      | Reached skill level 2 in Shields
 11772 | D:5      | fuck
 12094 | D:5      | fine
 12268 | D:4      | Reached skill level 2 in Stealth
 12646 | D:5      | Reached XP level 8. HP: 55/64 MP: 8/8
 12792 | D:5      | Reached skill level 3 in Stealth
 12900 | D:6      | Found a sand-covered staircase.
 12901 | D:6      | FistofTheNorthNile: Hmm
 12901 | D:6      | amiheereinvaaain: I probably shouldn't buttt
 12901 | D:6      | FistofTheNorthNile: home is where the bandages are
 12901 | D:6      | nikheizen: if you are lucky it will be the one with lots of potions
 12901 | D:6      | FistofTheNorthNile: it's free xp
 12901 | D:6      | amiheereinvaaain: boy
 12901 | D:6      | amiheereinvaaain: I could sure use me some potions
 12902 | D:6      | FistofTheNorthNile: if he's really lucky it's the one with the doors
 12906 | Ossuary  | Entered an ossuary
 12907 | Ossuary  | FistofTheNorthNile: not lucky enough
 13339 | Ossuary  | FistofTheNorthNile: please don't feed the mummies
 13512 | Ossuary  | amiheereinvaaain: oh no
 13607 | Ossuary  | FistofTheNorthNile: can you actually disarm traps anymore?
 13610 | Ossuary  | amiheereinvaaain: I think you can in this version
 13610 | Ossuary  | amiheereinvaaain: no idea about current
 13613 | D:6      | FistofTheNorthNile: oh hey the welcoming gangbang party
 13715 | D:4      | nikheizen: are you parking all the ogres on the same floor?
 13715 | D:4      | amiheereinvaaain: fine
 13715 | D:4      | amiheereinvaaain: I won't punch
 13721 | D:4      | hi
 13913 | D:4      | fine
 13971 | D:4      | FistofTheNorthNile: that large shield fucks up your fist something fierce
 13985 | D:3      | amiheereinvaaain: word
 13985 | D:3      | amiheereinvaaain: hadn't had a run with one yet
 13985 | D:3      | amiheereinvaaain: by now fists should hurt ogres a bit
 14503 | D:6      | Found a bloodstained altar of Trog.
 14543 | D:6      | Found a staircase to the Ecumenical Temple.
 14548 | D:6      | Reached skill level 3 in Shields
 15115 | D:6      | ke
 15115 | D:6      | FistofTheNorthNile: Fucking wyverns
 15115 | D:6      | FistofTheNorthNile: I can't deal with them
 15115 | D:6      | amiheereinvaaain: thought it was an adder
 15115 | D:6      | amiheereinvaaain: but it ain't
 15120 | D:6      | nikheizen: how the hell
 15122 | D:6      | FistofTheNorthNile: FIST.
 15122 | D:6      | nikheizen: best spell in the game
 15125 | D:6      | would you just fucking die
 15505 | D:5      | fine
 15505 | D:5      | Reached skill level 7 in Unarmed Combat
 15542 | D:5      | FistofTheNorthNile: can't ctrl-hit no more
 15591 | D:5      | amiheereinvaaain: what
 15591 | D:5      | amiheereinvaaain: seriously?
 15591 | D:5      | FistofTheNorthNile: in trunk
 15591 | D:5      | amiheereinvaaain: heavens
 15592 | D:5      | FistofTheNorthNile: "you're too confused to choose where to hit"
 15599 | D:5      | nikheizen: only while confused though
 15599 | D:5      | nikheizen: right?
 15609 | D:5      | FistofTheNorthNile: oh yeah sure.
 15609 | D:5      | amiheereinvaaain: still horrible
 15609 | D:5      | amiheereinvaaain: oh well
 16032 | D:7      | amiheereinvaaain: well that's pretty good
 16032 | D:7      | nikheizen: moving on up
 16033 | D:7      | FistofTheNorthNile: Imagine if they were running
 16033 | D:7      | amiheereinvaaain: I know
 16054 | D:7      | FistofTheNorthNile: still, decent AC/EV
 16225 | D:7      | amiheereinvaaain: can players even bash with ranged weapons?
 16262 | D:7      | Found a shimmering altar of Xom.
 16263 | D:7      | Found a glowing silver altar of Zin.
 16263 | D:7      | Found an iron altar of Okawaru.
 16301 | D:7      | FistofTheNorthNile: Hmmm...
 16323 | D:7      | amiheereinvaaain: I mean I remember some ogre
 16323 | D:7      | FistofTheNorthNile: I don't think so, should prompt like a blowgun
 16323 | D:7      | amiheereinvaaain: bashing with a sling to get aux attacks
 16323 | D:7      | amiheereinvaaain: but it might've all been in my head
 16542 | D:8      | FistofTheNorthNile: but if you bashed and switched you'd get no auts
 16756 | D:8      | Reached skill level 8 in Unarmed Combat
 16793 | D:8      | Noticed a two-headed ogre
 16804 | D:8      | nikheizen: why are there so many ogres
 16809 | D:8      | FistofTheNorthNile: and they all have clubs
 16809 | D:8      | amiheereinvaaain: I can't even park this shit
 16812 | D:8      | amiheereinvaaain: oh lord
 16812 | D:8      | FistofTheNorthNile: oh man
 16912 | D:8      | Reached XP level 9. HP: 35/69 MP: 9/9
 17082 | D:8      | Found Lyirua's Antique Armour Shoppe.
 17089 | D:8      | Lyirua's Antique Armour Shoppe was a mimic.
 17091 | D:8      | amiheereinvaaain: why
 17091 | D:8      | FistofTheNorthNile: hahaha oh man
 17091 | D:8      | Commodore: RIP
 17107 | D:8      | FistofTheNorthNile: Daily reminder: everything hates you
 17125 | D:7      | amiheereinvaaain: I have never parked a shop before
 17125 | D:7      | FistofTheNorthNile: was it an armour shop or a gadget shop
 17129 | D:7      | Killed a shop mimic
 17175 | D:7      | Commodore: If you need to be reminded of that daily you've never playe d a roguelike
 17175 | D:7      | amiheereinvaaain: armor
 17175 | D:7      | FistofTheNorthNile: that's even more depressing
 17344 | D:7      | BACKSTEPPING
 17360 | D:8      | Noticed Gastronok
 17432 | D:8      | amiheereinvaaain: mite've fucked up
 17434 | D:8      | Noticed Prince Ribbit
 17475 | D:8      | thanks
 17481 | D:8      | FistofTheNorthNile: Bless manly, shirtless stealth
 17597 | D:8      | Killed Prince Ribbit
 17597 | D:8      | Reached skill level 9 in Unarmed Combat
 17598 | D:8      | amiheereinvaaain: aha
 17598 | D:8      | amiheereinvaaain: progress
 17644 | D:8      | amiheereinvaaain: wtf
 17644 | D:8      | nikheizen: double move
 17644 | D:8      | nikheizen: nice
 17644 | D:8      | FistofTheNorthNile: crikey.
 17644 | D:8      | FistofTheNorthNile: That was unexpected.
 17644 | D:8      | i trust my superior heritage
 17646 | D:8      | Killed from afar by an orc warrior

Vanquished Creatures
  A feature mimic (D:7)
  Prince Ribbit (D:8)
  A sky beast (D:8)
  2 phantoms
  3 centaurs
  4 scorpions
  2 yak zombies
  A hippogriff skeleton (D:5)
  A jelly (D:4)
  3 hounds
  2 crimson imps (D:5)
  A goliath beetle (D:7)
  An orc priest (D:5)
  2 centaur skeletons
  5 worker ants
  4 orc wizards
  3 iguanas
  An elf skeleton (D:6)
  A hound skeleton (D:5)
  A hound zombie (D:4)
  8 mummies (Ossuary)
  A scorpion zombie (D:5)
  11 gnolls
  11 adders
  A shadow imp (D:4)
  5 giant mites
  2 worms
  2 adder skeletons (D:4)
  2 giant geckos (D:5)
  3 oozes
  14 orcs
  3 bat skeletons
  A gnoll zombie (Ossuary)
  7 goblins
  15 hobgoblins
  5 jackals
  16 kobolds
  5 quokkas
  3 ball pythons (D:2)
  15 bats
  9 giant cockroaches
  A giant gecko zombie (D:5)
  14 giant newts
  A hobgoblin zombie (Ossuary)
  3 kobold zombies (Ossuary)
  An orc skeleton (D:5)
  4 orc zombies
  14 rats
  A rat skeleton (D:6)
218 creatures vanquished.
